 Dungeon Crawl Stone Soup version 0.17-a0-1105-gbe8b664 (webtiles) character file.

49 Hanyuu the Insei (level 3, -1/23 HPs)
             Began as an Octopode Transmuter on May 22, 2015.
             Slain by a gnoll (5 damage)
             ... on level 2 of the Dungeon.
             The game lasted 00:02:57 (1282 turns).

Hanyuu the Insei (Octopode Transmuter)              Turns: 1282, Time: 00:02:59

Health: -1/23      AC:  2    Str:  9    XL:     3   Next: 77%
Magic:  3/6        EV: 19    Int: 20    God:
Gold:   51         SH:  0    Dex: 17    Spells: 3 memorised, 0 levels left

rFire  . . .     SeeInvis .       - Unarmed
rCold  . . .     Clarity  .     (shield currently unavailable)
rNeg   . . .     SustAb   .     (helmet currently unavailable)
rPois  x         Gourm    .     (no amulet)
rElec  .         Spirit   .     f - +4 ring of intelligence
rCorr  .         Warding  .     (no ring)
rMut   .         Stasis   .     (no ring)
MR     .....                    (no ring)
Stlth  ++........               (no ring)
                                (no ring)
                                (no ring)
                                (no ring)

@: lethally poisoned (-1 -> -10), spider-form (expiring), not resistant to
hostile enchantments, unstealthy
A: almost no armour, amphibious, 8 rings, (constrict 8), (camouflage 0),
(gelatinous body 0)
a: End Transformation


You were on level 2 of the Dungeon.
You were not hungry.
You were a venomous arachnid creature.
You visited 1 branch of the dungeon, and saw 2 of its levels.

You collected 51 gold pieces.

Inventory:

Missiles
 a - 12 arrows
 e - 8 javelins (quivered)
Jewellery
 f - a +4 ring of intelligence (left front leg)
Scrolls
 g - a scroll of enchant armour {unknown}
 h - a scroll of identify {unknown}
Potions
 d - 2 potions of heal wounds {unknown}
 i - a potion of curing {unknown}
 j - a potion of haste {unknown}
Books
 b - a book of Changes

   Spells                             Type                      Level
   a - Beastly Appendage              Transmutation                1
   b - Sticks to Snakes               Transmutation                2
   c - Spider Form                    Transmutation/Poison         3
   d - Ice Form                       Ice/Transmutation            4
   e - Blade Hands                    Transmutation                5
Comestibles
 c - 3 bread rations
 k - 2 chunks of flesh


   Skills:
 - Level 1.0 Fighting
 - Level 2.0 Dodging
 + Level 4.6 Unarmed Combat
 - Level 2.0 Spellcasting
 - Level 2.0 Transmutations


You couldn't memorise any spells.
You knew the following spells:

 Your Spells              Type           Power        Failure   Level  Hunger
a - Beastly Appendage     Trmt           ##....       24%         1    #......
b - Sticks to Snakes      Trmt           ##........   28%         2    ##.....
c - Spider Form           Trmt/Pois      #.........   52%         3    ###....


Dungeon Overview and Level Annotations

Branches:
Dungeon (2/15)

Altars:


Innate Abilities, Weirdness & Mutations

You cannot wear most types of armour.
You are amphibious.
You can wear up to eight rings at the same time.
((You can use your tentacles to constrict eight enemies at once.))
((Your skin changes colour to match your surroundings (Stealth).))
((Your rubbery body absorbs attacks (AC +1).))


Message History

You barely miss the gnoll.
The gnoll is moderately wounded.
You feel sick. The bat misses you. The gnoll completely misses you.
The gnoll barely misses you. The bat misses you.
You hit the gnoll.
The gnoll is poisoned.
The gnoll is moderately wounded.
You feel sick. The bat barely misses you. The gnoll barely misses you.
The gnoll misses you.
You hit the gnoll.
The gnoll is heavily wounded.
You feel sick. The bat misses you. The gnoll hits you.
* * * LOW HITPOINT WARNING * * *
A gnoll comes into view. It is wielding a whip.
You hit the gnoll.
The gnoll looks even sicker.
The gnoll is almost dead.
The bat hits you but does no damage.
The gnoll hits you from afar with a halberd.
* * * LOW HITPOINT WARNING * * *
The gnoll hits you.
You die...

# ### #.#.. #
.#.## ###. .g.
#.... #g# #
###...#.#l###.#
.......sgg.....
.....b#######(.
##.... .....
..... ##.. #..


You could see 3 gnolls, a giant gecko, a goblin and a bat.

Vanquished Creatures
  An adder (D:2)
  An ooze (D:1)
  3 bats (D:1)
  A giant cockroach (D:1)
  4 hobgoblins (D:1)
  4 kobolds (D:1)
  A giant newt (D:2)
  3 goblins (D:1)
  11 jackals (D:1)
  4 rats (D:1)
33 creatures vanquished.

Notes
Turn   | Place    | Note
--------------------------------------------------------------
     0 | D:1      | Hanyuu the Octopode Transmuter began the quest for the Orb.
     0 | D:1      | Reached XP level 1. HP: 13/13 MP: 3/3
   329 | D:1      | Reached XP level 2. HP: 18/18 MP: 5/5
   333 | D:1      | Learned a level 2 spell: Sticks to Snakes
   568 | D:1      | Reached skill level 4 in Unarmed Combat
   687 | D:1      | Reached XP level 3. HP: 19/23 MP: 4/6
   706 | D:1      | Learned a level 3 spell: Spider Form
  1271 | D:1      | You fall through a shaft!
  1282 | D:2      | Slain by a gnoll

Vault maps used:
D:1:      tarquinn_simple_flora_water_b, minmay_close_crescents
D:2:      evilmike_ruin_ashenzari, uniq_natasha

Action                   || total
-------------------------++-------
Melee: Unarmed           ||   104
Throw: Javelin           ||     2
 Cast: Beastly Appendage ||     3
       Spider Form       ||     1
 Stab: Sleeping          ||     2
  Eat: Chunk             ||     1
